 Dungeon Crawl Stone Soup version 0.30.0-5-g1a98f26d00 (webtiles) character file.

Game seed: 4570573710322798120

4505 cheesebisquit the Brawler (level 10, -1/73 HPs)
             Began as a Ghoul Gladiator on May 11, 2023.
             Was an Initiate of Makhleb.
             Killed from afar by a steam dragon (14 damage)
             ... with a ball of steam
             ... on level 8 of the Dungeon.
             The game lasted 00:23:31 (8580 turns).

cheesebisquit the Brawler (Ghoul Gladiator)         Turns: 8580, Time: 00:23:32

Health: -1/73      AC: 13    Str: 23    XL:     10   Next: 39%
Magic:  9/9        EV:  6    Int:  3    God:    Makhleb [......]
Gold:   212        SH:  0    Dex: 10    Spells: 9/9 levels left

rFire   . .          .
                       - Unarmed
rCold   + . .        (no shield)
rNeg    + + +        C - +0 plate armour
rPois   ∞            b - +0 helmet
rElec   .            f - +0 cloak
rCorr   .            (no gloves)
SInv    .            x - +0 pair of boots
Will    .....        g - amulet of the acrobat Stlth
                     (no ring)
HPRegen 0.00/turn    (no ring)
MPRegen 0.11/turn

%: acrobat
@: inhibited regen
A: claws 1, cold resistance 1, negative energy resistance 3, inhibited
regeneration, torment resistance 2, devour on kill
a: Renounce Religion


You were on level 8 of the Dungeon.
You worshipped Makhleb.
Makhleb was noncommittal.
You visited 2 branches of the dungeon, and saw 9 of its levels.

You collected 429 gold pieces.
You spent 217 gold pieces at shops.

Inventory:

Missiles
 c - 3 throwing nets (quivered)
 d - a javelin
 p - 3 boomerangs
 s - 13 poisoned darts
 A - 7 curare-tipped darts
Armour
 b - a +0 helmet (worn)
 f - a +0 cloak (worn)
 x - a +0 pair of boots (worn)
 C - a +0 plate armour (worn)
Jewellery
 g - an amulet of the acrobat (around neck)
Wands
 z - a wand of roots (3)
 D - a wand of paralysis (6)
Scrolls
 a - 2 scrolls of magic mapping {unknown}
 i - 4 scrolls of teleportation
 j - 2 scrolls of fog
 l - a scroll of immolation
 n - a scroll of poison {unknown}
 q - a scroll of enchant weapon {unknown}
 t - a scroll of amnesia
 u - a scroll of noise {unknown}
 v - 2 scrolls of fear
 y - a scroll of blinking {unknown}
 B - a scroll of enchant armour {unknown}
 E - a scroll of identify
Potions
 e - a potion of magic
 h - 2 potions of mutation
 k - a potion of flight
 m - a potion of attraction
 r - a potion of ambrosia {unknown}
 w - 2 potions of might
 F - a potion of invisibility {unknown}


   Skills:
 - Level 2.1 Fighting
 - Level 1.7 Throwing
 - Level 2.6 Dodging
 + Level 16.2 Unarmed Combat


You had 9 spell levels left.
You didn't know any spells.
Your spell library contained the following spells:

 Spells                   Type           Power      Damage    Failure   Level
 Foxfire                  Conj/Fire      0%         2x1d4     100%        1
 Tukima's Dance           Hex            0%         N/A       100%        3
 Passage of Golubria      Tloc           0%         N/A       100%        4
 Fireball                 Conj/Fire      0%         3d3       100%        5
 Yara's Violent Unravell  Hex/Tmut       0%         3d3       100%        5
 Plasma Beam              Fire/Air       0%         2x1d11    100%        6
 Starburst                Conj/Fire      0%         6d3       100%        6


Dungeon Overview and Level Annotations

Branches:
Dungeon (8/15)             Temple (1/1) D:6
   Lair: D:8-11

Altars:
Ashenzari
Cheibriados
Dithmenos
Gozag
Kikubaaqudgha
Makhleb
Nemelex Xobeh
Okawaru
Qazlal
Ru
Sif Muna
Trog
Uskayaw
Vehumet
Wu Jian
Xom
Yredelemnul

Shops:
D:1 *   D:4 (


Innate Abilities, Weirdness & Mutations

You are immune to poison.
You have sharp fingernails.
Your flesh is cold resistant. (rC+)
You are immune to negative energy. (rN+++)
You do not regenerate when monsters are visible.
You are immune to unholy pain and torment.
You thrive by killing the living.


Message History

Makhleb accepts your kill.
You feel better.
You claw the acid dragon! Your claw misses the acid dragon.
The acid dragon is almost dead.
A howler monkey comes into view.
You mangle the acid dragon!!
You kill the acid dragon!
Makhleb accepts your kill.
The acid dragon scales are intact enough to wear.
The steam dragon breathes steam at you. The ball of steam hits you!
* * * LOW HITPOINT WARNING * * *
You hear a shout!
You are engulfed in a cloud of scalding steam.
* * * LOW HITPOINT WARNING * * *
Things that are here:
+0 acid dragon scales; an acid dragon corpse; a bullfrog corpse You feel better.
You are engulfed in a cloud of scalding steam.
The steam dragon bites you but does no damage.
The steam dragon claws you but does no damage.
The orc priest is engulfed in a cloud of scalding steam.
The orc priest miscasts a cantrip.
You claw the steam dragon!
The steam dragon is moderately wounded.
You are engulfed in a cloud of scalding steam.
* * * LOW HITPOINT WARNING * * *
The steam dragon bites you.
* * * LOW HITPOINT WARNING * * *
The steam dragon claws you but does no damage.
The orc priest is engulfed in a cloud of scalding steam.
The orc priest dies!
You closely miss the steam dragon.
The steam dragon is moderately wounded.
You scratch the steam dragon but do no damage.
The steam dragon is moderately wounded.
You are engulfed in a cloud of scalding steam.
The steam dragon breathes steam at you. The ball of steam hits you!
You die...

#...#.##.###.######.#######.#
#.##.##...##.######..### #.#
#.##................†..# #.#
#.##.#######...#######.# #.#
#.##.# ♣...♣♣♣ #.####.#
#.##.# ♣.♣.♣ #.#.##.# #.##.#
♣ ♣.♣♣♣♣ #......# ###.#..#
♣♣.♣.♣ #.#.#### ....#..# ♣.@♣
#.#.# #####..# #D## #...# #
#...# #h# #...# # #.#.#


?{Y #..## # #.#.# .$8!. #..# # ##...# #.....# #..# # #....# .##.##. #..# #
#.##.# ## #.# ## #..# ###.##.# ..♣ #.## You could see a steam dragon (catching
breath) and a howler monkey.

Vanquished Creatures
  A tengu warrior (D:8)
  A gargoyle (D:6)
  Grinder (D:4)
  2 wyverns
  Grum (D:8)
  A steam dragon (D:8)
  An acid dragon (D:8)
  A water moccasin (D:8)
  An orc warrior (D:7)
  An ice beast (D:6)
  An ogre (D:6)
  3 wolves (D:7)
  A centaur (D:7)
  6 bullfrogs
  A gnoll sergeant (D:5)
  3 kobold brigands
  2 scorpions
  3 wights (D:8)
  A killer bee (D:8)
  A howler monkey (D:8)
  5 orc priests
  3 hounds
  3 jellies
  A gnoll bouda (D:4)
  2 iguanas
  A sleepcap (D:5)
  8 orc wizards
  Natasha (thrice) (D:3)
  9 adders
  8 gnolls
  3 shadow imps
  6 white imps
  3 ufetubi
  A dart slug (D:1)
  24 orcs
  4 ball pythons
  5 endoplasms
  2 giant cockroaches (D:1)
  8 goblins
  7 hobgoblins
  3 jackals (D:4)
  4 quokkas
  9 bats
  4 frilled lizards
  22 kobolds
  5 rats
186 creatures vanquished.

Vanquished Creatures (others)
  A sky beast (D:7)
  An orc priest (D:8)
  A bat (D:1)
3 creatures vanquished.

Grand Total: 189 creatures vanquished

Notes
Turn   | Place    | Note
-------+----------+-------------------------------------------
     0 | D:1      | cheesebisquit the Ghoul Gladiator began the quest for the
                  | Orb.
     0 | D:1      | Reached XP level 1. HP: 17/17 MP: 0/0
    39 | D:1      | Found Uwkawuxzus's Assorted Antiques.
   156 | D:1      | Reached XP level 2. HP: 20/24 MP: 1/1
   201 | D:1      | Reached skill level 4 in Unarmed Combat
   900 | D:2      | Reached XP level 3. HP: 28/29 MP: 2/2
   908 | D:2      | Reached skill level 5 in Unarmed Combat
  1082 | D:2      | Reached XP level 4. HP: 28/36 MP: 3/3
  1691 | D:3      | Reached skill level 6 in Unarmed Combat
  1707 | D:3      | Reached XP level 5. HP: 32/41 MP: 4/4
  1915 | D:3      | Found an opulent altar of Gozag.
  2266 | D:3      | Found a shadowy altar of Dithmenos.
  2416 | D:3      | Noticed Natasha
  2423 | D:3      | Killed Natasha
  2966 | D:4      | Reached skill level 7 in Unarmed Combat
  3053 | D:4      | Reached XP level 6. HP: 48/48 MP: 5/5
  3091 | D:4      | Identified the +3 short sword "Cisheelo" {holy, Drain rElec
                  | Int+6 SInv}
  3111 | D:4      | Found Jucy Usm's Antique Weapon Emporium.
  3304 | D:4      | Found an ancient bone altar of Kikubaaqudgha.
  3333 | D:3      | Noticed Natasha
  3336 | D:3      | Killed Natasha
  3854 | D:3      | Found an opulent altar of Gozag.
  4202 | D:3      | Noticed Natasha
  4209 | D:3      | Killed Natasha
  4346 | D:1      | Bought a pair of boots for 130 gold pieces
  4461 | D:5      | Entered Level 5 of the Dungeon
  4475 | D:4      | Reached skill level 8 in Unarmed Combat
  4733 | D:5      | Reached XP level 7. HP: 55/55 MP: 6/6
  4839 | D:5      | Noticed Grinder
  4842 | D:5      | Found an iron altar of Okawaru.
  4939 | D:4      | Reached skill level 9 in Unarmed Combat
  5080 | D:4      | Killed Grinder
  5189 | D:5      | Reached skill level 10 in Unarmed Combat
  5189 | D:5      | Reached XP level 8. HP: 30/61 MP: 7/7
  5606 | D:1      | Bought a scroll of identify for 58 gold pieces
  5608 | D:1      | Bought a scroll labelled NYS UHOIKEPLO for 29 gold pieces
  5969 | D:6      | Found a staircase to the Ecumenical Temple.
  6017 | D:6      | Reached skill level 11 in Unarmed Combat
  6077 | Temple   | Entered the Ecumenical Temple
  6219 | D:6      | Noticed a gargoyle
  6232 | D:6      | Killed a gargoyle
  6233 | D:6      | Reached skill level 12 in Unarmed Combat
  6426 | D:6      | Reached XP level 9. HP: 62/67 MP: 8/8
  6578 | D:6      | Found a broken altar of Ashenzari.
  6799 | D:7      | Reached skill level 13 in Unarmed Combat
  6939 | D:7      | Found a radiant altar of Vehumet.
  7057 | D:7      | Found a sparkling altar of Nemelex Xobeh.
  7577 | D:8      | Reached skill level 14 in Unarmed Combat
  7577 | D:8      | Noticed Grum
  7712 | D:8      | Killed Grum
  7879 | D:8      | Found a hide-covered altar of Uskayaw.
  8013 | D:8      | Found a burning altar of Makhleb.
  8170 | D:8      | Reached skill level 15 in Unarmed Combat
  8217 | D:8      | Reached XP level 10. HP: 73/73 MP: 9/9
  8431 | D:8      | Became a worshipper of Makhleb the Destroyer
  8538 | D:8      | Noticed a tengu warrior
  8548 | D:8      | Killed a tengu warrior
  8561 | D:8      | Reached skill level 16 in Unarmed Combat
  8580 | D:8      | Killed from afar by a steam dragon

Illustrated notes

Levels and vault maps discovered:
D:1:      minmay_arrival_four_circles, layout_basic, serial_shops, shop
D:2:      layout_basic, basic_altar, kennysheep_nub
D:3:      layout_basic, nicolae_gozag_seed_capital,
          mainiacjoe_overflow_tiny_flanked, serial_bayou_crossing, uniq_natasha
D:4:      layout_rooms, nicolae_overflow_hidden_temple, serial_shops, shop,
          kennysheep_windowed_goal
D:5:      layout_rooms, general_overflow_altar, uniq_grinder
D:6:      layout_cave_pools, nicolae_ashenzari_skybound,
          minmay_temple_entry_large_hall
D:7:      layout_rooms, mainiacjoe_overflow_six_doors_small,
          fiery_altar_vehumet, wad_woods_river_04, grunt_ministairs_14
D:8:      nzn_winding_woodlands_small [nzn_winding_woodlands_5x15_crooked,
          nzn_winding_woodlands_center_pierced_h,
          nzn_winding_woodlands_5x15_jagged], layout_loops_ring,
          mainiacjoe_overflow_catwalk_spiral, serial_demonic, serial_demonic_d,
          serial_demonic_a, serial_demonic_b, serial_demonic_e, uniq_grum
Temple:   nicolae_temple_ecumenical_triangle

Skill      XL: |  1  2  3  4  5  6  7  8  9 10 |
---------------+-------------------------------+-----
Unarmed Combat | 4 5 6 7 8 10 12 15 16 | 16.2
Fighting       | |  2.1
Throwing       | |  1.7
Dodging        | |  2.6

Action                     |  1- 3 |  4- 6 |  7- 9 | 10-12 || total
---------------------------+-------+-------+-------+-------++-------
  Melee: Unarmed           |    74 |   192 |   301 |    42 ||   609
         Punch             |     4 |     3 |    13 |     5 ||    25
  Throw: Throwing net      |       |       |     1 |       ||     1
    Use: Scroll            |       |     7 |     6 |       ||    13
         Potion            |       |     1 |     3 |     1 ||     5
 Armour: Leather armour    |    15 |    11 |       |       ||    26
         Scale mail        |       |    62 |    68 |       ||   130
         Plate armour      |       |       |    42 |    27 ||    69
  Dodge: Dodged            |    41 |   111 |   145 |    15 ||   312
